Cogmind - Beta 16.1 @@@ ROGUE MODE // 2026.02.26 @ 01:47:28 Player: Ceorik Result: Destroyed by P-80 Master with Gamma Rifle Performance ------------- Evolutions (7) 3500 Regions Visited (18) 3600 Robots Destroyed (288) 1440 Value Destroyed (11950) 11950 Prototype IDs (38) 760 Alien Tech Used (0) 0 Bonus (3967) 3967 TOTAL SCORE: 25217 Bonus ------- Triggered High Security 500 High Alert Combat Kills 2001 Follower Combat Kills 111 Met Warlord at Base 500 MAIN.C Attacked Warlord 500 Warlord Defense Kills 502 Friendly Fire -147 Cogmind --------- Core Integrity 0/1300 Matter 22/300 Energy 41/230 System Corruption 24% Temperature Cool (13) Movement Treading (225) Ox1 Location -3/Research Parts ------- > --- POWER (3) -------- Light Particle Reactor Micro Antimatter Reactor > --- PROPULSION (4) --- Biometal Medium Treads Biometal Leg > --- UTILITY (9) ------ Advanced Force Field > --- WEAPON (5) ------- Dispersion Rifle Dispersion Rifle Railgun > --- INVENTORY (5) ---- Dispersion Rifle Peak State ------------ > --- POWER ------------ Antimatter Reactor Antimatter Reactor > --- PROPULSION ------- Heavy Treads Enhanced Armored Heavy Treads > --- UTILITY ---------- Advanced Heat Sink Coolant Injector Superbattery Advanced Cloaking Device Advanced Cloaking Device Improved Propulsion Shielding Improved Thermal Shield Improved Hacking Suite > --- WEAPON ----------- Heavy Disruptor Cannon Molecular Deconstructor Heavy Flail > --- INVENTORY -------- Plasma Storm [Rating: 136] Favorites ----------- Power Light Deuterium Engine Engine Light Deuterium Engine Power Core Fission Core Reactor Light Antimatter Reactor Propulsion Armored Huge Wheel Treads Light Treads Leg Biometal Leg Wheel Armored Huge Wheel Hover Unit Improved Antigrav System Flight Unit Q-thruster Utility Large Storage Unit Device Advanced Heat Sink Storage Large Storage Unit Processor Signal Interpreter Hackware Improved Hacking Suite Protection Improved Medium Armor Plating Weapon Wave Gun Energy Gun Wave Gun Energy Cannon Heavy Ion Cannon Ballistic Gun Heavy Assault Rifle Launcher Micro-nuke Launcher Special Weapon Molecular Deconstructor Impact Weapon Shock Maul Slashing Weapon Chainsword Piercing Weapon Makeshift Spear Build | -11 -10 -10 -9 -9 -9 -8 -8 -7 -6 -5 -5 -5 -4 -4 -4 -4 -4 -3 ------- Run | Yrd Mat Min Mat Min Exi Min Mat Fac Fac Fac Upp War Pro Fac Was Fac Upp Res Slots Evolved 14 | . . . 2 . . . 2 2 2 2 . . . 2 . . . 2 Power 2 | . . . . . . . . . 1 . . . . . . . . 1 Propulsion 2 | . . . . . . . . 2 . . . . . . . . . . Utility 7 | . . . 1 . . . 2 . 1 2 . . . . . . . 1 Weapon 3 | . . . 1 . . . . . . . . . . 2 . . . . Parts Attached 241 | 8 6 7 8 3 3 . 35 17 16 9 2 6 8 8 7 53 . 45 Power 34 | 2 . 1 1 1 . . 2 2 3 . . 2 1 1 2 8 . 8 Engine 12 | 2 . 1 1 1 . . 2 1 2 . . . 1 1 . . . . Core 8 | . . . . . . . . 1 1 . . 1 . . . 5 . . Reactor 14 | . . . . . . . . . . . . 1 . . 2 3 . 8 Propulsion 43 | 2 . 2 1 2 . . 8 3 . . . . 1 1 2 8 . 13 Treads 24 | 2 . 2 1 2 . . 7 . . . . . . . 2 5 . 3 Leg 1 | . . . . . . . . . . . . . . . . . . 1 Wheel 9 | . . . . . . . 1 3 . . . . 1 1 . 3 . . Hover 6 | . . . . . . . . . . . . . . . . . . 6 Flight 3 | . . . . . . . . . . . . . . . . . . 3 Utility 89 | 2 4 . 3 . 2 . 12 5 7 8 2 . 3 . 3 24 . 14 Device 52 | 1 . . . . 1 . 7 1 4 5 2 . 2 . 2 18 . 9 Storage 11 | 1 2 . 2 . . . . . 1 . . . . . . 1 . 4 Processor 7 | . 1 . . . . . 1 2 1 . . . . . . 1 . 1 Hackware 3 | . . . . . . . 2 . . 1 . . . . . . . . Protection 16 | . 1 . 1 . 1 . 2 2 1 2 . . 1 . 1 4 . . Artifact . | . . . . . . . . . . . . . . . . . . . Weapon 75 | 2 2 4 3 . 1 . 13 7 6 1 . 4 3 6 . 13 . 10 Energy Gun 31 | 1 . . . . . . 8 . . . . 3 2 1 . 7 . 9 Energy Cannon 9 | . . . . . . . 1 . 4 1 . . . 1 . 2 . . Ballistic Gun 19 | 1 2 3 3 . . . 1 5 . . . . 1 2 . . . 1 Ballistic Cannon . | . . . . . . . . . . . . . . . . . . . Launcher 9 | . . 1 . . . . 2 2 1 . . . . . . 3 . . Special Weapon 1 | . . . . . . . . . . . . . . 1 . . . . Impact Weapon 3 | . . . . . 1 . . . . . . . . 1 . 1 . . Slashing Weapon 1 | . . . . . . . . . 1 . . . . . . . . . Piercing Weapon 2 | . . . . . . . 1 . . . . 1 . . . . . . Special Melee Weapon . | . . . . . . . . . . . . . . . . . . . Unidentified Prototypes 15 | . . . . . . . 5 . 1 . . 2 1 3 1 2 . . Corrupted Parts 2 | . . 2 . . . . . . . . . . . . . . . . System Corruption 7 | . . 7 . . . . . . . . . . . . . . . . Parts Lost 88 | . . 2 . . . . 9 5 2 1 1 . 8 . 3 31 . 26 Power 14 | . . . . . . . 1 2 . . . . 1 . . 5 . 5 Propulsion 21 | . . 1 . . . . 2 1 . . . . 2 . . 5 . 10 Utility 30 | . . . . . . . 3 2 . 1 1 . 2 . 3 13 . 5 Weapon 23 | . . 1 . . . . 3 . 2 . . . 3 . . 8 . 6 Highest Loss Streak 13 | . . 1 . . . . 6 2 2 1 1 . 5 . 3 13 . 12 To Critical Strikes . | . . . . . . . . . . . . . . . . . . . Average Backups 10 | 2 8 9 11 13 13 12 14 12 14 14 14 11 9 10 2 7 1 3 Power 1 | . 1 . 1 1 2 2 2 1 2 3 3 2 1 1 . 2 . . Propulsion . | 1 2 1 2 2 1 1 1 . . . . . . . . . . . Utility 4 | . 3 4 3 6 6 6 5 4 6 5 4 2 2 3 . 2 . . Weapon 3 | . 1 2 2 3 4 3 4 4 3 4 6 6 5 5 1 1 1 3 Tool/Special . | . . . . . . . . . . . . . . . . . . . Unused Backups 45 | . 6 . 3 1 1 . 9 . . 9 . 3 . . 4 9 . . Power 6 | . . . . . . . 1 . . 2 . . . . . 3 . . Propulsion 5 | . 2 . . 1 . . 2 . . . . . . . . . . . Utility 20 | . 3 . 1 . 1 . 2 . . 3 . 1 . . 4 5 . . Weapon 13 | . 1 . 2 . . . 4 . . 4 . 1 . . . 1 . . Tool/Special 1 | . . . . . . . . . . . . 1 . . . . . . Average Slot Usage (%) 87 | . 99 99 99 100 85 100 98 83 85 87 86 88 79 76 73 83 . 42 Engine 6 | . 14 14 11 11 11 11 9 . 12 5 5 4 2 9 1 . . . Core 2 | . . . . . . . . 5 . 5 5 5 5 . . 4 . . Reactor 1 | . . . . . . . . . . . . . 2 . 8 5 . 5 Treads 10 | . 28 27 22 22 22 22 17 . . . . . . . 5 9 . 3 Wheel 4 | . . . . . . . . 15 13 11 11 11 5 5 7 2 . . Device 13 | . 7 . . . 1 . 12 18 19 16 19 23 20 21 17 19 . 11 Storage 10 | . 14 14 11 11 11 11 9 7 12 11 11 11 11 10 5 8 . 5 Processor 4 | . . 14 11 11 11 11 9 6 . . . . . . . 1 . . Hackware 2 | . . . . . . . 5 . . 4 5 5 5 5 5 1 . . Protection 6 | . 6 . 11 11 9 11 8 3 6 11 6 5 5 5 4 4 . . Energy Gun 6 | . . . . . . . 19 4 . . . 7 10 4 . 18 . 6 Energy Cannon 2 | . . . . . . . . . 11 11 11 3 . . 5 . . . Ballistic Gun 9 | . 26 27 32 32 17 33 6 10 . . . . . 3 . . . 1 Peak Build Rating 136 | 7 11 17 21 20 21 19 40 52 71 83 81 95 100 109 136 136 4 114 Average Rating 60 | 4 10 10 19 18 16 19 31 49 67 78 78 89 87 104 110 121 4 57 On Entrance 45 | . 7 10 17 20 18 19 19 39 50 70 78 81 95 92 108 136 4 4 Avg Prop Armor Cover (%) 8 | . . . . . . . . 6 6 . . . . . 4 5 . 12 Naked Turns 145 | . . . . . . . . . . . . . . . . 4 78 63 Heaviest Build 104 | 15 26 25 39 41 41 41 47 46 70 84 76 83 88 83 83 104 . 87 Greatest Support 150 | 40 40 43 43 43 43 43 43 56 56 56 56 56 56 26 150 150 3 63 Greatest Overweight (x) 22 | . . . . . . . 2 1 2 1 1 1 22 5 3 6 . 21 Average Overweight (x) . | . . . . . . . . . 1 1 1 1 3 3 . . . . Largest Inventory Capacity 25 | 8 25 10 15 15 15 15 15 15 15 15 15 15 15 15 15 15 5 5 Average Capacity 13 | 7 9 10 11 15 15 15 15 15 15 15 15 15 15 15 6 12 5 5 Most Carried 15 | 4 10 10 15 15 15 15 15 15 15 15 15 15 15 15 15 15 5 5 Average Carried 12 | 2 8 9 11 14 14 15 14 13 14 14 14 14 13 14 6 11 5 4 Final Capacity 15 | 8 10 10 15 15 15 15 15 15 15 15 15 15 15 15 5 5 5 5 Final Carried 15 | 4 10 9 15 15 15 15 15 12 14 15 14 15 15 15 5 5 5 1 Class Distribution -------------------- 49% | Mutant 32% | Scavenger-Tank 14% | Tank Dominant Class ---------------- Mutant | -10/Materials Mutant | -10/Mines Tank | -9/Materials Scavenger-Tank | -9/Mines Mutant | -9/Exiles Scavenger-Tank | -8/Mines Scavenger-Tank | -8/Materials Mutant | -7/Factory Mutant | -6/Factory Mutant | -5/Factory Mutant | -5/Upper Caves Mutant | -5/Warlord Mutant | -4/Proximity Caves Scavenger-Tank | -4/Factory Scavenger-Tank | -4/Waste Tank | -4/Factory Mutant | -4/Upper Caves Mutant | -3/Research Resources | -11 -10 -10 -9 -9 -9 -8 -8 -7 -6 -5 -5 -5 -4 -4 -4 -4 -4 -3 ----------- Run | Yrd Mat Min Mat Min Exi Min Mat Fac Fac Fac Upp War Pro Fac Was Fac Upp Res Matter Collected 5769 | 255 463 199 375 209 33 54 854 379 515 205 25 168 405 77 159 958 . 436 Remotely . | . . . . . . . . . . . . . . . . . . . Salvage Created 12133 | 17 512 71 520 209 33 . 1918 455 776 1187 165 166 669 117 445 4461 . 412 Parts 517 | 5 25 5 37 14 . . 101 41 40 41 4 10 22 2 . 139 . 31 Haulers Intercepted 6 | . 1 . 1 . . . 3 . . . . . . . . 1 . . Recyclers Shooed 5 | . . . . . . . 3 . 1 . . . . . . 1 . . Parts Field Recycled . | . . . . . . . . . . . . . . . . . . . Retrieved Matter . | . . . . . . . . . . . . . . . . . . . Parts Self-Destructed 17 | . . . . . . . . . . . 4 . 13 . . . . . Prevented 2 | . . . . . . . . . . . . . 2 . . . . . Parts Restored . | . . . . . . . . . . . . . . . . . . . Kills | -11 -10 -10 -9 -9 -9 -8 -8 -7 -6 -5 -5 -5 -4 -4 -4 -4 -4 -3 ------- Run | Yrd Mat Min Mat Min Exi Min Mat Fac Fac Fac Upp War Pro Fac Was Fac Upp Res Combat Hostiles Destroyed 222 | . 7 6 13 12 . . 32 13 13 15 3 5 19 . 2 75 . 7 Melee 13 | . . . . . . . 3 2 3 . . . 4 . . 1 . . Guns 98 | . 7 1 10 10 . . 21 5 1 . . 1 7 . . 28 . 7 Cannons 23 | . . . . . . . . . 6 13 3 . . . . 1 . . AOE 74 | . . 5 3 2 . . 7 6 3 . . 4 8 . . 36 . . Classes Destroyed 21 | 1 4 2 2 . . . 4 1 1 . . 1 1 1 1 2 . . Worker 16 | . 1 . . . . . 3 2 . 1 . . . 3 . 6 . . Builder 13 | . . . . . . . 2 2 . 1 . . . 1 . 7 . . Tunneler 5 | 1 . . . . . . 1 . . . . . . 1 . 2 . . Hauler 6 | . 1 . 1 . . . 3 . . . . . . . . 1 . . Recycler 14 | . 2 . 1 . . . 5 . 1 1 . . . . . 4 . . Mechanic 3 | . . . . . . . . . . . . . . 1 . 2 . . Operator 2 | . . . 1 . . . . . . 1 . . . . . . . . Watcher 7 | . . . . . . . 3 . 1 1 . . . . . 2 . . Swarmer 56 | . . 3 4 10 . . 5 4 4 . 1 3 6 . . 14 . 2 Saboteur 1 | . . . . . . . . . . . . . . . . 1 . . Grunt 79 | . 7 2 4 2 . . 15 3 2 8 1 1 4 . . 30 . . Brawler 2 | . . . . . . . 1 1 . . . . . . . . . . Duelist 4 | . . . . . . . 2 . . 1 . . . . . 1 . . Protector 1 | . . . . . . . . . . . . . . . . 1 . . Sentry 33 | . . . 5 . . . 9 2 2 3 1 . 2 . . 8 . 1 Demolisher 1 | . . 1 . . . . . . . . . . . . . . . . Hunter 8 | . . . . . . . . . 2 . . . 4 . . 2 . . Programmer 33 | . . . . . . . . 3 3 3 . . 2 . . 18 . 4 Behemoth 1 | . . . . . . . . . . . . . 1 . . . . . Compactor 2 | . . . . . . . . . . . . . . . 2 . . . Executioner 1 | . . . . . . . . . . . . 1 . . . . . . Best Kill Streak 13 | 1 2 5 4 4 . . 7 4 3 4 3 3 7 2 2 13 . 2 Combat Bots Only 12 | . 2 5 3 4 . . 4 4 3 4 3 3 7 . 2 12 . 2 Max Kills in Single Turn 6 | 1 1 1 3 2 . . 4 3 2 1 1 1 3 1 1 6 . 2 Gunslinging 1 | . . . . 1 . . 1 . . . . . . . . 1 . 1 Exploded 5 | . . 1 3 1 . . 3 3 2 . . 1 3 . . 5 . . Melee 1 | . . . . . . . 1 1 1 . . . 1 . . 1 . . Uniques/NPCs Destroyed . | . . . . . . . . . . . . . . . . . . . Combat | -11 -10 -10 -9 -9 -9 -8 -8 -7 -6 -5 -5 -5 -4 -4 -4 -4 -4 -3 -------- Run | Yrd Mat Min Mat Min Exi Min Mat Fac Fac Fac Upp War Pro Fac Was Fac Upp Res Hostile Shots Fired 1818 | . 31 53 29 36 . . 131 189 88 136 21 21 131 . 3 627 . 322 Missed 546 | . 12 15 5 11 . . 33 54 23 44 4 6 34 . . 191 . 114 Hits 1272 | . 19 38 24 25 . . 98 135 65 92 17 15 97 . 3 436 . 208 Melee 37 | . . 7 . . . . 3 . . 6 . . . . 3 18 . . Projectile 1235 | . 19 31 24 25 . . 95 135 65 86 17 15 97 . . 418 . 208 AOE 4 | . . 2 . . . . . . . . . . . . . 2 . . Critical Strikes 80 | . 1 2 . . . . 6 5 6 7 1 2 5 . 1 35 . 9 Part Disruptions 6 | . . . . . . . . 1 1 . . . . . . . . 4 Damage Taken 20504 | . 243 730 294 258 . . 1616 1569 784 1084 151 195 1235 . 106 8257 . 3982 Core 3278 | . 41 117 34 10 . . 123 151 171 119 39 17 165 . . 982 . 1309 Absorbed by Shields 4546 | . . . . . . . 20 . 292 903 160 202 877 . 25 1721 . 346 Redirected to Shielding 210 | . . . . . . . . 101 . . . . . . . 109 . . Ignored by Resistances 548 | . . . . . . . . . . . . 27 196 . . 325 . . Regen/Repaired (Parts) 360 | . . . . . . . . . . . . 360 . . . . . . Core Remaining (%) 67 | 100 . 36 . . . 89 77 78 79 . . . 66 . . . 14 . Volleys Fired 518 | 1 41 8 28 19 . . 77 29 15 63 6 14 25 . 9 147 . 36 Largest 5 | 2 2 2 3 3 . . 3 3 3 2 2 2 3 . 2 5 . 4 Hottest 405 | 70 46 53 76 71 . . 195 92 138 130 130 146 206 . 110 405 . 299 Shots Fired 1242 | 2 82 16 84 50 . . 221 56 31 126 12 21 59 1 16 394 . 71 Gun 990 | 2 82 11 83 46 . . 214 50 6 . . 15 53 1 . 356 . 71 Cannon 182 | . . . . . . . . . 24 126 12 . . . 7 13 . . Launcher 56 | . . 5 1 4 . . 7 6 1 . . 6 6 . . 20 . . Special 14 | . . . . . . . . . . . . . . . 9 5 . . Kinetic 354 | 1 82 11 83 46 . . 69 50 6 . . . . 1 . . . 5 Thermal 724 | 1 . . . . . . 145 . . 126 12 7 36 . . 356 . 41 Explosive 56 | . . 5 1 4 . . 7 6 1 . . 6 6 . . 20 . . Electromagnetic 82 | . . . . . . . . . 24 . . 8 5 . 7 13 . 25 Entropic 12 | . . . . . . . . . . . . . 12 . . . . . Robot Hit Streak 17 | 1 10 3 8 7 . . 17 8 12 10 7 4 10 . 11 16 . 8 Robot Miss Streak 15 | . 4 2 3 4 . . 4 5 2 4 1 2 15 . 2 5 . 5 Penetration Max . | . . . . . . . . . . . . . . . . . . . Secondary Targets 14 | . . . 1 2 . . 3 . . . . . . . . 7 . 1 Max Gunslinging Chain 1 | . . . 1 1 . . 1 . . . . . . . . 1 . 1 Shots Hit Robots 883 | 1 54 5 57 30 3 . 145 58 36 98 8 11 51 7 13 265 . 41 Core Hits 557 | 1 21 9 27 15 . . 79 50 19 35 6 22 63 2 2 186 . 20 Critical Kills 6 | . 1 . . . . . . . . . . . . 2 . . . 3 Critical Parts Destroyed 8 | . . . . . 1 . . . . . . . . . . 5 . 2 Critical Strikes 36 | . 1 . . . 1 . 6 3 2 . . . 1 2 . 14 . 6 Burn 13 | . . . . . . . 4 . . . . . . . . 9 . . Destroy 7 | . 1 . . . . . . . . . . . . . . . . 6 Smash 8 | . . . . . 1 . . . . . . . . 2 . 5 . . Sever 2 | . . . . . . . . . 2 . . . . . . . . . Impale 5 | . . . . . . . 2 3 . . . . . . . . . . Sunder 1 | . . . . . . . . . . . . . 1 . . . . . Melee Attacks 152 | . . . . . 3 . 14 39 24 6 . . 12 10 . 44 . . Impact 57 | . . . . . 3 . . . . . . . . 10 . 44 . . Slashing 29 | . . . . . . . . . 23 6 . . . . . . . . Piercing 54 | . . . . . . . 14 39 1 . . . . . . . . . Entropic 12 | . . . . . . . . . . . . . 12 . . . . . Sneak Attacks 28 | . . . . . . . . 6 3 4 . . . 6 . 9 . . Combat Hostiles . | . . . . . . . . . . . . . . . . . . . Follow-up Attacks . | . . . . . . . . . . . . . . . . . . . Damage Inflicted 35425 | 14 857 368 1149 634 192 10 3618 2048 1466 3105 217 1044 3274 700 17 15806 . 906 Guns 14080 | 14 837 57 954 490 . . 2387 795 44 . . 207 1224 . . 6165 . 906 Cannons 3547 | . . . . . . . . . 433 2713 217 . . . 17 167 . . Explosions 12922 | . . 302 176 144 . . 873 697 275 . . 837 1310 . . 8308 . . Melee 4793 | . . . . . 192 . 333 556 714 392 . . 740 700 . 1166 . . Ramming 83 | . 20 9 19 . . 10 25 . . . . . . . . . . . Kinetic 3947 | 14 837 57 954 490 . . 735 795 44 . . . . . . . . 21 Thermal 14458 | . . . . . . . 1652 . 105 2713 217 137 624 . . 8230 . 780 Explosive 10752 | . . 302 176 144 . . 873 697 170 . . 837 1310 . . 6243 . . Electromagnetic 862 | . . . . . . . . . 433 . . 70 70 . 17 167 . 105 Impact 2058 | . . . . . 192 . . . . . . . . 700 . 1166 . . Slashing 1106 | . . . . . . . . . 714 392 . . . . . . . . Piercing 889 | . . . . . . . 333 556 . . . . . . . . . . Entropic 1270 | . . . . . . . . . . . . . 1270 . . . . . Highest Corruption 38 | . . 7 1 1 1 . 2 11 2 5 . . 4 4 4 38 38 24 Average Corruption 6 | . . 6 1 1 1 . 2 3 1 3 . . 3 4 4 12 38 14 Corruption Purged 11 | . . . . . 1 . . . . 5 . . . . . 5 . . Corruption Blocked . | . . . . . . . . . . . . . . . . . . . Effects 255 | . . 2 5 6 11 . 4 14 9 2 . . 5 17 9 140 3 28 Message Errors 47 | . . . 1 2 . . . 7 3 1 . . . 4 3 19 . 7 Matter Fused 57 | . . . 3 . 6 . . 1 3 . . . . 5 1 32 1 5 Heat Flow Errors 30 | . . 1 1 1 1 . . 1 1 . . . 1 1 2 16 . 4 Energy Discharges 31 | . . 1 . 1 . . 2 2 . . . . 1 4 2 14 1 3 Parts Rejected 6 | . . . . . . . . . 1 . . . . . . 4 . 1 Parts Fused 4 | . . . . . . . . . . . . . . . . 4 . . Data Loss (minor) 26 | . . . . 1 3 . . 1 1 1 . . 2 1 . 15 . 1 Data Loss (major) 18 | . . . . . 1 . 2 . . . . . 1 1 1 9 1 2 Misfires 9 | . . . . 1 . . . 1 . . . . . 1 . 5 . 1 Alerts 6 | . . . . . . . . . . . . . . . . 5 . 1 Misdirections 5 | . . . . . . . . . . . . . . . . 3 . 2 Weapon Failures 16 | . . . . . . . . 1 . . . . . . . 14 . 1 Overload Shots . | . . . . . . . . . . . . . . . . . . . Overflow Damage 2134 | . . . . . 78 . . 202 135 133 . 17 85 416 . 1068 . . Projectiles 110 | . . . . . . . . . . 58 . . . . . 52 . . Explosions 379 | . . . . . . . . 51 37 . . 17 . . . 274 . . Melee 1645 | . . . . . 78 . . 151 98 75 . . 85 416 . 742 . . Knockbacks 11 | . . . 1 . 1 . . . . . . . . 3 . 6 . . Impact 8 | . . . 1 . . . . . . . . . . 3 . 4 . . Kinetic . | . . . . . . . . . . . . . . . . . . . Secondary 3 | . . . . . 1 . . . . . . . . . . 2 . . Self-Inflicted Damage 1089 | . . . . 12 . . 69 57 . . . . 269 . . 682 . . Shots 31 | . . . . 1 . . 2 2 . . . . 11 . . 15 . . Rammed 17 | . 5 3 2 . . 2 5 . . . . . . . . . . . Targets Rammed 18 | . 5 3 2 . . 2 6 . . . . . . . . . . . Kicked . | . . . . . . . . . . . . . . . . . . . Crushed 1 | . . . . . . . 1 . . . . . . . . . . . Highest Temperature 554 | 9 104 163 186 241 94 . 411 105 240 234 83 124 259 172 148 554 . 452 Average Temperature 95 | 6 38 35 48 56 55 . 105 66 82 65 58 55 89 104 76 138 . 201 Received Heat Transfer 2936 | . 156 45 132 54 . . 797 234 56 265 33 25 258 . . 818 . 63 Effects 8 | . . . . . . . 4 . . . . . . . . 1 . 3 Shutdowns 3 | . . . . . . . . . . . . . . . . . . 3 Interference 3 | . . . . . . . 3 . . . . . . . . . . . Damage (minor) 1 | . . . . . . . 1 . . . . . . . . . . . Damage (core) 1 | . . . . . . . . . . . . . . . . 1 . . Siege Activations . | . . . . . . . . . . . . . . . . . . . Martial Activations . | . . . . . . . . . . . . . . . . . . . Shielding Activations . | . . . . . . . . . . . . . . . . . . . Robots Disrupted 2 | . . . . . . . . . . . . . . . 2 . . . Combat Hostiles 2 | . . . . . . . . . . . . . . . 2 . . . Robots Corrupted 11 | . . . . . 1 . . . . . . . . 2 . 8 . . Combat Hostiles 2 | . . . . . 1 . . . . . . . . . . 1 . . Parts Fried 31 | . . . . . . . . . 3 . . 6 . 7 . 13 . 2 Impact Corruptions 40 | . . . . . 2 . . . . . . . . 12 . 26 . . Robots Melted 11 | . . . . . . . 1 . . 2 . . . . . 8 . . Combat Hostiles 11 | . . . . . . . 1 . . 2 . . . . . 8 . . Parts Melted 76 | . . . . . . . 5 . . 15 1 . . . . 54 . 1 Heat Transferred 21456 | . . . . . . . 3515 . 100 3552 296 203 962 . . 11866 . 962 Parts Sabotaged . | . . . . . . . . . . . . . . . . . . . Parts Stolen . | . . . . . . . . . . . . . . . . . . . Parts Stripped . | . . . . . . . . . . . . . . . . . . . Power Chain Reactions 1 | . . . . . . . . . 1 . . . . . . . . . Alert | -11 -10 -10 -9 -9 -9 -8 -8 -7 -6 -5 -5 -5 -4 -4 -4 -4 -4 -3 ------- Run | Yrd Mat Min Mat Min Exi Min Mat Fac Fac Fac Upp War Pro Fac Was Fac Upp Res Maximum Alert Level 5 | . . . . . . . 2 1 . . . . . . . 5 . 3 Low Security (%) 77 | 100 100 100 100 100 . 100 45 52 100 100 . . . 100 100 65 . . Level 1 9 | . . . . . . . 33 47 . . . . . . . 6 . . Level 2 7 | . . . . . . . 21 . . . . . . . . 8 . 60 Level 3 1 | . . . . . . . . . . . . . . . . . . 39 Level 4 . | . . . . . . . . . . . . . . . . 3 . . Level 5 . | . . . . . . . . . . . . . . . . 4 . . High Security 2 | . . . . . . . . . . . . . . . . 11 . . Max Security . | . . . . . . . . . . . . . . . . . . . Peak Influence 2187 | 5 60 131 107 140 . . 610 343 105 183 . . . 30 3 2187 . 904 Initial 904 | . . 3 . 3 . . . 275 60 36 . . . 30 3 . . 904 Average 186 | . 16 18 47 82 . . 253 197 25 58 . . . 3 . 476 . 670 Influence Increases 8036 | 5 234 253 415 320 . . 1344 417 381 467 60 115 445 51 . 3160 . 369 Destroy 0b10 Robot/C 4440 | . 140 180 260 240 . . 640 260 260 300 60 100 380 . . 1480 . 140 Destroy 0b10 Robot/NC 335 | 5 20 . 15 . . . 85 20 10 25 . . . 30 . 125 . . Destroy Leader 976 | . 22 40 82 40 . . 202 70 72 82 . . 50 . . 276 . 40 Allied During Kill 9 | . . 6 . . . . . . . . . . . . . 3 . . Trap Triggered on 0b10 30 | . . . . . . . 30 . . . . . . . . . . . Successful Hack 91 | . 4 . 17 . . . 3 . 14 17 . . . . . 12 . 24 Disable Machine 660 | . 15 . . . . . 30 . . . . . . 15 . 585 . 15 Destroy Structure 790 | . 3 27 11 25 . . 69 37 10 28 . . . 6 . 574 . . Lose Combat Pursuer 705 | . 30 . 30 15 . . 285 30 15 15 . 15 15 . . 105 . 150 Influence Decreases 7549 | 5 224 263 406 237 92 . 738 899 430 413 78 139 484 89 10 983 837 1222 Entered New Map 2053 | . . 7 . 6 92 . . 331 64 39 48 111 87 18 7 . 807 436 Time Decay 4428 | 5 224 198 406 231 . . 648 518 346 364 20 28 327 71 3 653 30 356 Lost Part 838 | . . 18 . . . . 90 50 20 10 10 . 70 . . 310 . 260 Lost Ally 80 | . . 40 . . . . . . . . . . . . . 20 . 20 Purge Threat 150 | . . . . . . . . . . . . . . . . . . 150 Squads Dispatched 57 | . . . 1 . . . 9 4 3 3 . . . 1 . 33 . 3 Investigation 2 | . . . . . . . 2 . . . . . . . . . . . Extermination 17 | . . . . . . . . 3 3 2 . . . 1 . 6 . 2 Reinforcement 13 | . . . 1 . . . 2 1 . 1 . . . . . 8 . . Assault 19 | . . . . . . . 2 . . . . . . . . 16 . 1 Garrison 6 | . . . . . . . 3 . . . . . . . . 3 . . Intercept . | . . . . . . . . . . . . . . . . . . . Searches Triggered . | . . . . . . . . . . . . . . . . . . . Construction Impeded 4 | . . . . . . . 1 . . . . . . . . 3 . . Haulers Reinforced 1 | . . . . . . . . . . . . . . . . 1 . . Active Scanning Responses . | . . . . . . . . . . . . . . . . . . . Cargo Convoy Interrupts 2 | . . . . . . . . 1 . . . . . . . 1 . . Stealth | -11 -10 -10 -9 -9 -9 -8 -8 -7 -6 -5 -5 -5 -4 -4 -4 -4 -4 -3 --------- Run | Yrd Mat Min Mat Min Exi Min Mat Fac Fac Fac Upp War Pro Fac Was Fac Upp Res Distress Signals 18 | . 1 . 2 . . . 5 1 1 . . 2 . . . 5 . 1 Communications Jammed . | . . . . . . . . . . . . . . . . . . . Distress Signals . | . . . . . . . . . . . . . . . . . . . Times Spotted 422 | . 15 20 18 14 . . 73 24 17 21 3 55 15 . 6 114 . 27 Peak Tracking Total 18 | . 3 7 3 4 . . 11 8 3 4 3 18 6 . 4 11 . 8 Tactical Retreats 39 | . 2 1 2 1 . . 19 1 1 1 . 1 1 . . 5 . 4 Traps | -11 -10 -10 -9 -9 -9 -8 -8 -7 -6 -5 -5 -5 -4 -4 -4 -4 -4 -3 ------- Run | Yrd Mat Min Mat Min Exi Min Mat Fac Fac Fac Upp War Pro Fac Was Fac Upp Res Traps Triggered 13 | . . 1 1 . . . 3 1 2 . . . . 2 . 2 . 1 Indirectly . | . . . . . . . . . . . . . . . . . . . Trap Hack Attempts . | . . . . . . . . . . . . . . . . . . . Triggered . | . . . . . . . . . . . . . . . . . . . Disarmed . | . . . . . . . . . . . . . . . . . . . Reprogrammed . | . . . . . . . . . . . . . . . . . . . Reused 3 | . . . . . . . 3 . . . . . . . . . . . Traps Extracted . | . . . . . . . . . . . . . . . . . . . Installed 3 | . . . . . . . 3 . . . . . . . . . . . Triggered 3 | . . . . . . . 3 . . . . . . . . . . . Most Traps Carried 3 | . . . . 3 3 3 3 . . . . . . . . . . . Machines | -11 -10 -10 -9 -9 -9 -8 -8 -7 -6 -5 -5 -5 -4 -4 -4 -4 -4 -3 ---------- Run | Yrd Mat Min Mat Min Exi Min Mat Fac Fac Fac Upp War Pro Fac Was Fac Upp Res Machines Disabled 47 | . 2 . . . . . 2 . . . . . 2 1 . 39 . 1 Max in Single Turn 14 | . 1 . . . . . 1 . . . . . 1 1 . 14 . 1 Garrison Access 3 | . . . . . . . . . 1 . . . . . . 2 . . Machines Repaired . | . . . . . . . . . . . . . . . . . . . Machines Dismantled . | . . . . . . . . . . . . . . . . . . . Machines Sabotaged . | . . . . . . . . . . . . . . . . . . . Overloaded Fab Kills . | . . . . . . . . . . . . . . . . . . . Hacking | -11 -10 -10 -9 -9 -9 -8 -8 -7 -6 -5 -5 -5 -4 -4 -4 -4 -4 -3 --------- Run | Yrd Mat Min Mat Min Exi Min Mat Fac Fac Fac Upp War Pro Fac Was Fac Upp Res Machines Accessed 60 | . 5 1 3 . 5 . 11 1 7 3 . 8 1 3 . 9 . 3 Terminals 31 | . 5 . 2 . . . 8 1 2 2 . . 1 2 . 5 . 3 Fabricators 2 | . . . . . . . . . 1 1 . . . . . . . . Repair Stations 1 | . . . . . . . . . . . . . . . . 1 . . Recycling Units 2 | . . . . . . . . . 1 . . . . . . 1 . . Scanalyzers 5 | . . . 1 . . . 2 . 1 . . . . 1 . . . . Garrison Access 5 | . . . . . . . 1 . 2 . . . . . . 2 . . Total Hacks 167 | . 13 1 7 . 25 . 33 4 12 8 . 24 6 7 . 20 . 7 Successful 108 | . 6 1 5 . 25 . 14 1 6 5 . 24 6 5 . 6 . 4 Failed 58 | . 7 . 1 . . . 19 3 6 3 . . . 2 . 14 . 3 Catastrophic 9 | . 2 . . . . . . 1 3 . . . . . . 2 . 1 Database Lockouts 1 | . . . 1 . . . . . . . . . . . . . . . Manual 67 | . 8 . 4 . 2 . 18 3 5 8 . . 1 3 . 10 . 5 Terminals 87 | . 13 . 5 . . . 24 4 5 6 . . 6 6 . 11 . 7 Fabricators 3 | . . . . . . . . . 1 2 . . . . . . . . Repair Stations 3 | . . . . . . . . . . . . . . . . 3 . . Recycling Units 4 | . . . . . . . . . 1 . . . . . . 3 . . Scanalyzers 9 | . . . 2 . . . 4 . 2 . . . . 1 . . . . Garrison Access 11 | . . . . . . . 5 . 3 . . . . . . 3 . . Terminal Hacks 71 | . 2 1 2 . 25 . 4 . . 2 . 24 6 3 . . . 2 Record 55 | . . . . . 24 . . . . 1 . 23 6 1 . . . . Open Door 2 | . . 1 . . . . . . . . . 1 . . . . . . Branch Access Points 2 | . . . 1 . . . . . . 1 . . . . . . . . Alert Level 4 | . 1 . . . . . 1 . . . . . . 1 . . . 1 Unreport Threat 1 | . . . . . . . . . . . . . . . . . . 1 Locate Traps 2 | . 1 . . . . . 1 . . . . . . . . . . . Zone Layout 4 | . . . 1 . . . 2 . . . . . . 1 . . . . Proto ID Catalog 1 | . . . . . 1 . . . . . . . . . . . . . Fabricator Hacks . | . . . . . . . . . . . . . . . . . . . Repair Station Hacks 1 | . . . . . . . . . . . . . . . . 1 . . Scan Component 1 | . . . . . . . . . . . . . . . . 1 . . Recycling Unit Hacks 3 | . . . . . . . . . 1 . . . . . . 2 . . Report Inventory 2 | . . . . . . . . . 1 . . . . . . 1 . . Retrieve Components 1 | . . . . . . . . . . . . . . . . 1 . . Scanalyzer 7 | . . . 1 . . . 4 . 2 . . . . . . . . . Retrieve Study 7 | . . . 1 . . . 4 . 2 . . . . . . . . . Garrison Access Hacks 3 | . . . . . . . . . 1 . . . . . . 2 . . Seal Access 3 | . . . . . . . . . 1 . . . . . . 2 . . Unauthorized Hacks 23 | . 4 . 2 . . . 6 1 2 3 . . . 2 . 1 . 2 Terminals 22 | . 4 . 2 . . . 6 1 2 2 . . . 2 . 1 . 2 Botnet 22 | . 4 . 2 . . . 6 1 2 2 . . . 2 . 1 . 2 Fabricators 1 | . . . . . . . . . . 1 . . . . . . . . Fabnet 1 | . . . . . . . . . . 1 . . . . . . . . Repair Stations . | . . . . . . . . . . . . . . . . . . . Recycling Units . | . . . . . . . . . . . . . . . . . . . Scanalyzers . | . . . . . . . . . . . . . . . . . . . Garrison Access . | . . . . . . . . . . . . . . . . . . . Data Cores Recovered 1 | . . . 1 . . . . . . . . . . . . . . . Used . | . . . . . . . . . . . . . . . . . . . Hacking Detections 42 | . 5 . 3 . . . 11 1 5 3 . . 1 3 . 8 . 2 Full Trace Events 1 | . 1 . . . . . . . . . . . . . . . . . Feedback Events . | . . . . . . . . . . . . . . . . . . . Feedback Blocked . | . . . . . . . . . . . . . . . . . . . Robot Schematics Acquired . | . . . . . . . . . . . . . . . . . . . Robots Built . | . . . . . . . . . . . . . . . . . . . Authchips . | . . . . . . . . . . . . . . . . . . . Time . | . . . . . . . . . . . . . . . . . . . Total Robot Build Rating . | . . . . . . . . . . . . . . . . . . . Part Schematics Acquired . | . . . . . . . . . . . . . . . . . . . Parts Built . | . . . . . . . . . . . . . . . . . . . Authchips . | . . . . . . . . . . . . . . . . . . . Time . | . . . . . . . . . . . . . . . . . . . Total Part Build Rating . | . . . . . . . . . . . . . . . . . . . Part Studies Acquired 7 | . . . 1 . . . 4 . 2 . . . . . . . . . Parts Repaired . | . . . . . . . . . . . . . . . . . . . Time . | . . . . . . . . . . . . . . . . . . . Parts Recycled . | . . . . . . . . . . . . . . . . . . . Recycled Matter . | . . . . . . . . . . . . . . . . . . . Retrieved Matter . | . . . . . . . . . . . . . . . . . . . Retrieved Components 10 | . . . . . . . . . . . . . . . . 10 . . Parts Scanalyzed . | . . . . . . . . . . . . . . . . . . . Part Schematics Acquired . | . . . . . . . . . . . . . . . . . . . Parts Damaged . | . . . . . . . . . . . . . . . . . . . Bothacking | -11 -10 -10 -9 -9 -9 -8 -8 -7 -6 -5 -5 -5 -4 -4 -4 -4 -4 -3 ------------ Run | Yrd Mat Min Mat Min Exi Min Mat Fac Fac Fac Upp War Pro Fac Was Fac Upp Res Used RIF Installer . | . . . . . . . . . . . . . . . . . . . Robots Hacked 3 | . . . . . . . . . . . . . . . . 2 . 1 Non-combat . | . . . . . . . . . . . . . . . . . . . Combat 3 | . . . . . . . . . . . . . . . . 2 . 1 Robot Hacks Applied . | . . . . . . . . . . . . . . . . . . . Relay Couplers Released . | . . . . . . . . . . . . . . . . . . . Fabnet Peak Effective % 3 | . . . . . . . . . . . . . 3 3 3 3 3 1 Autooverrided 3 | . . . . . . . . . . . . . . . . 2 . 1 Robots Rewired 3 | . . . . . 2 . . . . . . . . . 1 . . . Allies Hacked . | . . . . . . . . . . . . . . . . . . . Hacks Repelled . | . . . . . . . . . . . . . . . . . . . Allies | -11 -10 -10 -9 -9 -9 -8 -8 -7 -6 -5 -5 -5 -4 -4 -4 -4 -4 -3 -------- Run | Yrd Mat Min Mat Min Exi Min Mat Fac Fac Fac Upp War Pro Fac Was Fac Upp Res Total Allies 10 | . . 3 . . 2 . . . . . . . . . 1 2 1 1 Largest Group 2 | . . 2 . . 2 2 2 . . . . . . . 1 1 1 . Highest-Rated Group 141 | . . 24 . . 29 29 29 . . . . . . . 141 141 138 . Highest-Rated Ally 141 | . . 16 . . 21 21 21 . . . . . . . 141 141 138 . Total Orders 4 | . . . . . . . . . . . . . . . 4 . . . STAY 2 | . . . . . . . . . . . . . . . 2 . . . FOLLOW 2 | . . . . . . . . . . . . . . . 2 . . . Ally Attacks 60 | . . 32 . . . . 7 . . . . . . . 11 9 . 1 Total Damage 1242 | . . 262 . . . . 82 . . . . . . . 579 319 . . Kills 13 | . . 10 . . . . . . . . . . . . 3 . . . Allies Corrupted . | . . . . . . . . . . . . . . . . . . . Allies Melted 2 | . . . . . . . . . . . . 2 . . . . . . Intel | -11 -10 -10 -9 -9 -9 -8 -8 -7 -6 -5 -5 -5 -4 -4 -4 -4 -4 -3 ------- Run | Yrd Mat Min Mat Min Exi Min Mat Fac Fac Fac Upp War Pro Fac Was Fac Upp Res Active Infowar (turns) 6480 | 11 588 . . . . . . 1389 1349 927 59 230 . . 89 1838 . . Optics 1292 | . . . . . . . . . . . . . . . . 1292 . . Terrain 1389 | . . . . . . . . 1389 . . . . . . . . . . Structural 512 | . . . . . . . . . . 223 59 230 . . . . . . Seismic 837 | 11 588 . . . . . . . . . . . . . . 238 . . Cloaking 2230 | . . . . . . . . . 1349 247 . . . . 89 545 . . ECM 457 | . . . . . . . . . . 457 . . . . . . . . Robot Analysis Total . | . . . . . . . . . . . . . . . . . . . Derelict Logs Recovered 5 | . . 2 . . . . . . . . . . 2 . . . 1 . Drone Launches . | . . . . . . . . . . . . . . . . . . . Drone Recoveries . | . . . . . . . . . . . . . . . . . . . Exploration | -11 -10 -10 -9 -9 -9 -8 -8 -7 -6 -5 -5 -5 -4 -4 -4 -4 -4 -3 ------------- Run | Yrd Mat Min Mat Min Exi Min Mat Fac Fac Fac Upp War Pro Fac Was Fac Upp Res Turns Passed 23063 | 77 1122 1770 1180 516 1288 820 2469 1433 2105 1435 59 1555 1920 549 405 3465 78 817 Spaces Moved 12563 | 39 538 756 578 272 661 511 1159 632 1546 949 34 1022 768 296 229 1628 155 790 Core 367 | 2 . . . . . . . . . . . . 57 . . 9 155 144 Treads 5950 | 37 538 756 578 272 661 511 1080 . . . . . . . 198 1238 . 81 Legs . | . . . . . . . . . . . . . . . . . . . Wheels 5681 | . . . . . . . 79 632 1546 949 34 1022 711 296 31 381 . . Hover 199 | . . . . . . . . . . . . . . . . . . 199 Flight 366 | . . . . . . . . . . . . . . . . . . 366 Fastest Speed 37 | 50 160 160 160 160 160 160 115 100 100 115 115 115 115 136 119 50 50 37 Average Speed 141 | 154 160 160 160 160 160 160 172 100 115 115 115 115 207 164 155 155 50 76 Slowest Speed 1150 | 160 160 160 160 160 160 160 240 115 130 115 115 115 1150 190 160 270 50 1100 Overloaded Moves . | . . . . . . . . . . . . . . . . . . . Propulsion Burnouts . | . . . . . . . . . . . . . . . . . . . Robots Hopped 1 | . . . . . . . . . . . . . . . . . . 1 Potential Cave-ins . | . . . . . . . . . . . . . . . . . . . Cave-ins Triggered . | . . . . . . . . . . . . . . . . . . . Exploration Rate (%) 49 | 3 64 99 38 54 94 97 78 19 27 15 8 91 79 8 75 51 24 16 Regions Visited 18 Branch Regions 8 Pre-discovered Areas 5 | . . 1 . . 1 . . . . . . 1 1 . . . 1 . Known Exits Taken 10 | . 1 1 1 1 1 1 1 . . 1 . . 1 . . . 1 . Unknown Exits Taken 6 | 1 . . . . . . . 1 1 . 1 1 . . . 1 . . Scrap Searched 7 | . . 1 . . . 1 . . . . 1 . 4 . . . . . Spaces Dug 135 | . . 8 . 3 . . 11 10 5 . . . . 3 . 95 . . Terrain Destroyed 833 | . . 36 9 26 . . 68 37 10 11 1 29 238 3 . 362 . 3 Melee 44 | . . . . . . . . 10 5 . . . . 3 . 26 . . Projectile 23 | . . . . . . . 4 . . 11 1 . 2 . . 2 . 3 AOE 766 | . . 36 9 26 . . 64 27 5 . . 29 236 . . 334 . . Terrain Rammed . | . . . . . . . . . . . . . . . . . . . Walls Destroyed . | . . . . . . . . . . . . . . . . . . . Machines Disabled . | . . . . . . . . . . . . . . . . . . . Actions | -11 -10 -10 -9 -9 -9 -8 -8 -7 -6 -5 -5 -5 -4 -4 -4 -4 -4 -3 --------- Run | Yrd Mat Min Mat Min Exi Min Mat Fac Fac Fac Upp War Pro Fac Was Fac Upp Res Total 16681 | 50 730 1300 774 315 890 512 1449 1329 1795 1160 42 1384 1029 344 252 2238 154 934 Wait 2686 | . 111 514 131 12 160 . 79 587 155 86 . 324 206 8 3 287 . 23 Move 12544 | 38 537 755 577 271 660 510 1158 631 1545 948 33 1021 767 296 228 1627 154 788 Hop 1 | . . . . . . . . . . . . . . . . . . 1 Pick Up 146 | 3 12 3 14 4 6 . 24 4 15 17 . 4 4 2 . 25 . 9 Fast Attach 150 | 7 2 2 2 . 2 . 17 9 5 3 1 3 2 6 5 43 . 41 Attach 75 | . . 2 2 . 3 . 9 7 5 5 1 3 5 3 . 14 . 16 Detach 22 | . . . . . 3 . . 2 1 . . 1 . 2 . 3 . 10 Swap 119 | 1 12 7 6 5 2 . 22 11 16 14 . 3 7 2 2 7 . 2 Drop 194 | . 10 6 12 4 8 . 40 10 14 18 1 10 1 7 4 41 . 8 Fire 518 | 1 41 8 28 19 . . 77 29 15 63 6 14 25 . 9 147 . 36 Melee 152 | . . . . . 3 . 14 39 24 6 . . 12 10 . 44 . . Ram 1 | . . . . . . . 1 . . . . . . . . . . . Kick . | . . . . . . . . . . . . . . . . . . . Crush 17 | . 5 3 2 . . 2 5 . . . . . . . . . . . Escape Stasis 8 | . . . . . . . . . . . . . . 8 . . . . Rewire 45 | . . . . . 43 . . . . . . 1 . . 1 . . . Trap 3 | . . . . . . . 3 . . . . . . . . . . . Miscellaneous . | . . . . . . . . . . . . . . . . . . . Route ------- -11/Scrapyard -10/Materials (discovered 3 exits: *Mat / *Min x2) -10/Mines (discovered 3 exits: *Mat x2 / *Sub) -9/Materials (discovered 4 exits: *Mat / *Min / *Sto x2) -9/Mines -9/Exiles (discovered 2 exits: *Min x2) -8/Mines (discovered 2 exits: *Mat x2) -8/Materials (discovered 3 exits: *Fac x3) -7/Factory (discovered 2 exits: *Fac / [*Low]) -6/Factory -5/Factory (discovered 2 exits: *Upp x2) -5/Upper Caves -5/Warlord -4/Proximity Caves -4/Factory (discovered 2 exits: Res x2) -4/Waste -4/Factory -4/Upper Caves -3/Research History --------- Turn | Location | Event 41 | -11/Scrapyard | Discovered new exit (range 14) 78 | -11/Scrapyard | Entered Materials 78 | -10/Materials | Discovered new exit (range 14) 306 | -10/Materials | Build established: Mutant 329 | -10/Materials | Discovered new exit (range 16) 807 | -10/Materials | Discovered new exit (range 12) 1200 | -10/Materials | Identified exit to Mines 1200 | -10/Materials | Entered Mines 1201 | -10/Mines | Assembled infested the area 1259 | -10/Mines | Core integrity fell below 50% 1265 | -10/Mines | Assisted by bots powering up and referring to "LRC-V3" 2044 | -10/Mines | Discovered new exit (range 7) 2056 | -10/Mines | Identified exit to Materials 2080 | -10/Mines | Discovered new exit (range 7) 2091 | -10/Mines | Identified exit to Subcaves 2788 | -10/Mines | Joined a pair of Derelicts in attacking an 0b10 outpost 2804 | -10/Mines | Learned Materials stockpile data 2903 | -10/Mines | Discovered exit to Materials (range 15) 2933 | -10/Mines | Met a Derelict who couldn't figure out how to use a Trap Extractor 2970 | -10/Mines | Entered Materials 2970 | -9/Materials | Evolved 2 slots: Utility x1, Weapon x1 2972 | -9/Materials | Discovered new exit (range 15) 3104 | -9/Materials | Identified exit to Storage 3295 | -9/Materials | Build established: Tank 3407 | -9/Materials | Central database locked down 3540 | -9/Materials | Identified exit to Mines 3666 | -9/Materials | Discovered new exit (range 8) 3710 | -9/Materials | Identified exit to Materials 3730 | -9/Materials | Build established: Scavenger-Tank 4071 | -9/Materials | Build established: Tank 4150 | -9/Materials | Entered Mines 4167 | -9/Mines | Met a Derelict bent on vengeance 4366 | -9/Mines | Found a hidden stash of uninstalled traps 4582 | -9/Mines | Build established: Scavenger-Tank 4658 | -9/Mines | Deemed a non-threat by the Exiles lab entrance 4660 | -9/Mines | Discovered new exit (range 5) 4665 | -9/Mines | Identified exit to Exiles 4666 | -9/Mines | Entered Exiles 4666 | -9/Exiles | Found Exiles lab destroyed 4700 | -9/Exiles | Discovered new exit (range 15) 4721 | -9/Exiles | Identified exit to Mines 4947 | -9/Exiles | Learned location of Zion (-6) 4966 | -9/Exiles | Build established: Mutant 5133 | -9/Exiles | Opened EX-Vault 5141 | -9/Exiles | Found Superbattery 5935 | -9/Exiles | Discovered exit to Mines (range 14) 5954 | -9/Exiles | Entered Mines 5954 | -8/Mines | Accompanied by 2 allies 6051 | -8/Mines | Build established: Scavenger-Tank 6362 | -8/Mines | Discovered exit to Materials (range 5) 6497 | -8/Mines | Discovered exit to Materials (range 4) 6774 | -8/Mines | Entered Materials 6774 | -8/Materials | Accompanied by 2 allies 6774 | -8/Materials | Evolved 2 slots: Utility x2 7625 | -8/Materials | Discovered new exit (range 4) 7641 | -8/Materials | Identified exit to Factory 8060 | -8/Materials | Lost 6 parts (2n2u2w) 8463 | -8/Materials | Discovered exit to Factory (range 5) 8724 | -8/Materials | Garrison activated, responded to threat 9109 | -8/Materials | Discovered exit to Factory (range 8) 9174 | -8/Materials | First assault squad dispatched 9243 | -8/Materials | Entered Factory 9243 | -7/Factory | Evolved 2 slots: Propulsion x2 9590 | -7/Factory | Build established: Mutant 9944 | -7/Factory | Discovered new exit (range 16) 10323 | -7/Factory | Discovered new exit (range 11) 10630 | -7/Factory | Cargo convoy interrupted 10636 | -7/Factory | System corruption reached 10% 10676 | -7/Factory | Entered another Factory area 10676 | -6/Factory | Evolved 2 slots: Power x1, Utility x1 10824 | -6/Factory | Discovered new exit (range 14) 12270 | -6/Factory | Found Prototype Launcher 12271 | -6/Factory | Identified Scatter Rocket Array 12781 | -6/Factory | Entered another Factory area 12781 | -5/Factory | Evolved 2 slots: Utility x2 13092 | -5/Factory | Discovered new exit (range 7) 14002 | -5/Factory | Identified exit to Upper Caves 14216 | -5/Factory | Entered Upper Caves 14218 | -5/Upper Caves | Attracted the attention of an 0b10 checkpoint 14265 | -5/Upper Caves | A Derelict revealed a hidden shortcut to "reach the base" 14275 | -5/Upper Caves | Entered Warlord 14513 | -5/Warlord | Found Prototype Energy Gun 14651 | -5/Warlord | Learned Testing security intel 14651 | -5/Warlord | Learned Factory garrison access intel 14651 | -5/Warlord | Learned Research scanalyzer intel 14651 | -5/Warlord | Learned Research garrison access intel 14651 | -5/Warlord | Learned 4 Testing zone layouts 14651 | -5/Warlord | Learned 4 Quarantine zone layouts 14651 | -5/Warlord | Learned location of Quarantine (-3) 14762 | -5/Warlord | Visited the Vortex Lab 14777 | -5/Warlord | Warlord's base attacked by MAIN.C 14777 | -5/Warlord | Found Prototype Piercing Weapon 14777 | -5/Warlord | Identified Vortex Lance 14783 | -5/Warlord | Found Prototype Energy Gun 14783 | -5/Warlord | Identified Vortex Rifle 14789 | -5/Warlord | Found Vortex Rifle 14984 | -5/Warlord | Met Warlord 15127 | -5/Warlord | Warlord forces counterattacked 15452 | -5/Warlord | Warlord base infiltrated, sounded retreat 15453 | -5/Warlord | Enhanced Grunt warped into view 15453 | -5/Warlord | Enhanced Grunt warped into view 15453 | -5/Warlord | Enhanced Grunt warped into view 15453 | -5/Warlord | Enhanced Demolisher warped into view 15453 | -5/Warlord | Enhanced Demolisher warped into view 15453 | -5/Warlord | Enhanced Demolisher warped into view 15557 | -5/Warlord | Spotted Executioner 15591 | -5/Warlord | Lost 6 allies 15645 | -5/Warlord | Spotted Striker 15708 | -5/Warlord | Spotted Striker 15731 | -5/Warlord | Spotted Striker 15740 | -5/Warlord | Spotted Executioner 15780 | -5/Warlord | Spotted Executioner 15780 | -5/Warlord | Spotted Striker 15783 | -5/Warlord | Lost 5 allies 15786 | -5/Warlord | Discovered new exit (range 15) 15796 | -5/Warlord | Destroyed Executioner 15830 | -5/Warlord | Entered Proximity Caves 15850 | -4/Proximity Caves | Lost 6 allies 15866 | -4/Proximity Caves | Attracted the attention of an 0b10 checkpoint 15926 | -4/Proximity Caves | Learned Research emergency access door positions 16014 | -4/Proximity Caves | Spotted B-86 Titan 16120 | -4/Proximity Caves | Build established: Scavenger-Tank 16478 | -4/Proximity Caves | Destroyed B-86 Titan 16633 | -4/Proximity Caves | Attracted the attention of an 0b10 base 16697 | -4/Proximity Caves | Destroyed 7 combat bots 16704 | -4/Proximity Caves | Lost 5 parts (1p1n2u1w) 16876 | -4/Proximity Caves | Identified exit to Factory 16876 | -4/Proximity Caves | Learned Armory stockpile data 16876 | -4/Proximity Caves | Learned Armory security intel 16876 | -4/Proximity Caves | Learned Extension garrison access intel 16953 | -4/Proximity Caves | Build established: Mutant 17580 | -4/Proximity Caves | Acquired the password to a Derelict Tinkerer's latest research 17591 | -4/Proximity Caves | Found Prototype Special Weapon 17750 | -4/Proximity Caves | Entered Factory 17750 | -4/Factory | Evolved 2 slots: Weapon x2 17751 | -4/Factory | Identified exit to Research 17752 | -4/Factory | Loaded intel: 4 garrison access locations 17771 | -4/Factory | Identified Molecular Deconstructor 17772 | -4/Factory | Identified Plasma Storm 18068 | -4/Factory | Build established: Scavenger-Tank 18299 | -4/Factory | Sucked down chute 18299 | -4/Factory | Entered Waste 18300 | -4/Waste | Identified exit to Factory 18309 | -4/Waste | Spotted C-40 Crusher 18309 | -4/Waste | Spotted C-40 Crusher 18311 | -4/Waste | Spotted C-40 Crusher 18315 | -4/Waste | Spotted C-40 Crusher 18336 | -4/Waste | Crushed by Compactor (1 part destroyed) 18341 | -4/Waste | Crushed by Compactor (1 part destroyed) 18343 | -4/Waste | Destroyed C-40 Crusher 18354 | -4/Waste | Crushed by Compactor (1 part destroyed) 18358 | -4/Waste | Destroyed C-40 Crusher 18365 | -4/Waste | Rewired C-40 Crusher 18365 | -4/Waste | Allies destroyed C-40 Crusher 18384 | -4/Waste | Spotted C-40 Crusher 18385 | -4/Waste | Lost 3 parts (3u) 18392 | -4/Waste | Allies destroyed C-40 Crusher 18509 | -4/Waste | Spotted C-40 Crusher 18523 | -4/Waste | Allies destroyed C-40 Crusher 18704 | -4/Waste | Entered Factory 18704 | -4/Factory | Accompanied by 1 ally 19820 | -4/Factory | System corruption reached 10% 20170 | -4/Factory | Build established: Tank 20840 | -4/Factory | Garrison activated, responded to threat 21465 | -4/Factory | Spotted B-86 Titan 21490 | -4/Factory | Build established: Scavenger-Tank 21704 | -4/Factory | First assault squad dispatched 21719 | -4/Factory | Cargo convoy interrupted 21756 | -4/Factory | High security lockdown imminent 21836 | -4/Factory | High security lockdown engaged 21924 | -4/Factory | Build established: Tank 22000 | -4/Factory | Destroyed 12 combat bots 22007 | -4/Factory | Lost 5 parts (3u2w) 22057 | -4/Factory | System corruption reached 30% 22064 | -4/Factory | Core integrity fell below 50% 22148 | -4/Factory | Lost 13 parts (3p2n4u4w) 22157 | -4/Factory | Discovered new exit (range 6) 22165 | -4/Factory | Released all parts (3) 22169 | -4/Factory | Core integrity fell below 20% 22169 | -4/Factory | Entered Upper Caves 22193 | -4/Upper Caves | Lost 4 parts (1p1n2w) 22212 | -4/Upper Caves | Encountered a Warlord checkpoint 22241 | -4/Upper Caves | 99-TNT showed up to help 22243 | -4/Upper Caves | 99-TNT revealed a hidden path 22247 | -4/Upper Caves | Entered Research 22247 | -3/Research | Evolved 2 slots: Power x1, Utility x1 22249 | -3/Research | Loaded intel: 6 scanalyzer locations 22250 | -3/Research | Loaded intel: 4 garrison access locations 22345 | -3/Research | Build established: Mutant 22502 | -3/Research | Lost 3 parts (2p1n) 22620 | -3/Research | System corruption reached 10% 22708 | -3/Research | Lost 6 parts (2n2u2w) 22821 | -3/Research | Released all parts (7) 22834 | -3/Research | Core integrity fell below 50% 22851 | -3/Research | Lost 12 parts (2p4n3u3w) 22876 | -3/Research | Core integrity fell below 20% 22997 | -3/Research | First assault squad dispatched 23064 | -3/Research | Destroyed by P-80 Master with Gamma Rifle Last Messages --------------- 22954_ Acquired Q-thruster. 22957_ Acquired Lgt. Particle Reactor. 22960_ ALERT: Security rotation in progress. 22968_ ALERT: Potential suspicious activity detected, Programmers report to Research Zone 9Z. 22980_ Dropped Q-thruster. 22983_ Acquired Biometal Leg. 22986_ Acquired Wave Gun. 22997_ ALERT: Unidentified disturbance in Zone 1F, assault force dispatched. 22998_ #H A8Z#R=EIA5DB PMAPNOOLGM>NHLY8FS7LNX 23015_ System corrupted: Component data lost. 23030_ 3PUK0 CYZSMR3I|%US3OWOWW1E7OI> 23035_ Acquired Adv. Force Field. 23045_ System corrupted: Heat flow error (+244). 23050_ Imp. Antigrav System destroyed. 23055_ Wave Gun destroyed. 23059_ Imp. Antigrav System destroyed. 23061_ System corrupted: Energy discharge (-21). Map ----- +----------------------------------------------------+ | ?????????????????????????????????????????????????? | | ?????????????????????????????????????????????????? | | ???????????????????????????+?????????????????????? | | ?????????????????????????????????????????????????? | | ?????????????????????????????????????????????????? | | ???????+?????????????????????????????????????????? | | ?????????????????????????????????????????????????? | | ?????????????????????????????????????????????????? | | ????????????????????????+????????????????????????? | | ?????????????????????????????????????????????????? | | ?????????????????????????????????????????????????? | | ?????????????????????????????????????????????????? | | ?????????????????????????????????????????????????? | | ?????????????????????????????????????????????????? | | ?????????????????????????????????????????????????? | | ?????????????????????????????????????????????????? | | ?????????????????????????????????????????????????? | | ?????????????????????????????????????????????????? | | ?????????????????????#############???????????????? | | ?????????????????????# #???????????????? | | ?????????????????????# * #???????????????? | | ?????????????#######?# #???????????????? | | ?????????????# #?# #???????????????? | | ?????????????# ### #??????????????? | | ?????????????# + # p #?????????????? | | ?????????????# # # @p #?????######## | | ?????????????# # ######+############ | | ?????????????# + | | ?????????????# # | | ?????????????# ##################### | | ?????????????# #????????????#########+##### | | ?????????????# #????????????# #??? | | ?????????????# #????????????# #??? | | ?????????????# #????????????# #??? | | ?????????????#######????????????# #??? | | ????????????????????????????????# #??? | | ????????????????????????????????# """ """ #??? | | ????????????????????????????????# """ """ #??? | | ????????????????????????????????# """ """ # | | ????????????????????????????????# # | | ????????????????????????????##### # | | ????????????????????????????# + = # | | ????????????????????????????# ################# | | ??????????????????????????###+##########??????# | | ??????????????????????????# #??????# | | ??????????????????????????# #??????# | | ??????????????????????????#"" #??????# | | ??????????????????????????#"" #??????# | | ??????????????????????????#"" """ #??????# | | ??????????????????????????#G """ #??????# | +----------------------------------------------------+ Best States ------------- Heat Dissipation 119 Coolant Potential 180 Energy Generation 59 Energy Capacity 2050 Matter Stores 300 Matter Capacity 300 Sight Range 23 Terrain Scan Range 16 Terrain Scan Density 210 ECM Strength 1 Cloak Strength 6 Base Temperature (-) 200 Armor Coverage 600 Resistance: TH 25 Propulsion Shielding 66 Weapon Shielding 66 Evasion (%) 62 Melee Accuracy 6 Target Analysis 8 Recoil Reduction 4 Energy Filtering 30 Offensive Hacking 12 Defensive Hacking 10 Item Schematics ----------------- None Robot Schematics ------------------ None Fabricated ------------ Nothing Repaired ---------- Nothing Studied --------- Grenade Launcher | -9/Materials | Hacked Hpw. Shotgun | -8/Materials | Hacked Lgt. Treads | -8/Materials | Hacked Imp. Grenade Launcher | -8/Materials | Hacked Field Laser | -8/Materials | Hacked Gauss Rifle | -6/Factory | Hacked Imp. EM Pulse Cannon | -6/Factory | Hacked Alien Tech Used ----------------- None Achievements -------------- About That Survey... It Was An Accident, I Swear Luggage Code Well-fed Force Field Challenges ------------ None Game ------ Seed FrostBracePropulsion Manual? 0 Play Time 03:17:44 Cumulative 75.2 hours Start 2026.02.25 @ 19:33:19 End 2026.02.26 @ 01:47:28 Sessions 3 Manual Loads 0 Difficulty Rogue Special Mode None Game No. 74 Rogue 74 Adventurer 0 Explorer 0 Win Type - Total 0 Types 0/0/0/0/0/0/0/0/0/0 Lore% 57 Gallery% 43 Achievement% 36 Wizard Run 0 Options --------- Layout 1 ASCII 0 Keyboard 0 Movement Mouse Keybinds 0 Fullscreen 1 Font 24/Swanston Map View 50x35 Zoom Use 0% Tactical HUD 1 Map Filters NONE Filters NONE Steam 1 RUN: c8df2af8-3f23-4e60-aaf1-29682b77dcb8